 Dungeon Crawl Stone Soup version 0.21.1-1-g345015f (webtiles) character file.

395 beigtais the Chopper (level 6, -1/48 HPs)
             Began as a Demonspawn Fighter on May 29, 2018.
             Slain by Sigmund
             ... wielding a +0 scythe
              (4 damage)
             ... on level 3 of the Dungeon.
             The game lasted 00:16:29 (2742 turns).

beigtais the Chopper (Demonspawn Fighter)           Turns: 2742, Time: 00:16:31

Health: -1/48      AC:  9    Str: 16    XL:     6   Next: 52%
Magic:  6/6        EV:  4    Int: 10    God:    Xom [......]
Gold:   152        SH: 10    Dex: 14    Spells: 5/5 levels left

rFire    . . .     SeeInvis .   a - +0 war axe
rCold    . . .     Gourm    .   c - +1 shield
rNeg     . . .     Faith    .   i - +0 chain mail
rPois    .         Spirit   .   (helmet restricted)
rElec    .         Reflect  .   (no cloak)
rCorr    .         Harm     .   (no gloves)
MR       .....                  (no boots)
Stlth    ..........             (no amulet)
HPRegen  0.16/turn              (no ring)
MPRegen  0.10/turn              (no ring)

@: drained
A: antennae 1, claws 1, powered by death 2
a: Renounce Religion


You were on level 3 of the Dungeon.
You worshipped Xom.
You were a very special plaything of Xom.
You were not hungry.

You visited 1 branch of the dungeon, and saw 3 of its levels.

You collected 152 gold pieces.

Inventory:

Hand Weapons
 a - a +0 war axe (weapon)
Armour
 c - a +1 shield (worn)
 e - a +0 chain mail
 i - a +0 chain mail (worn)
Scrolls
 d - a scroll of remove curse
 k - a scroll of identify
Potions
 j - a potion of cancellation
Comestibles
 f - 5 rations
 g - a chunk of flesh


   Skills:
 * Level 3.9(3.4) Fighting
 * Level 4.2(3.7) Axes
 * Level 0.1(0.0) Throwing
 * Level 3.9(3.4) Armour
 * Level 1.0(0.5) Dodging
 * Level 3.7(3.3) Shields


You had 5 spell levels left.
You didn't know any spells.

Dungeon Overview and Level Annotations

Branches:
Dungeon (3/15)

Altars:
Fedhas
Nemelex Xobeh
Xom

Annotations:
D:3 Sigmund


Innate Abilities, Weirdness & Mutations

You have a pair of small antennae on your head.
You have sharp fingernails.
You regenerate health from kills.


Message History

You block the puff of flame.
The orc is engulfed in a cloud of scalding steam.
The orc dies!
Sigmund gestures at you while chanting. The magic dart hits you!
* * * LOW HITPOINT WARNING * * *
Xom is amused.
You see here a sling bullet.
You are feeling hungry.
You start resting.
Eating one of 2 chunks of flesh.
You eat one of the 2 chunks of flesh.
This raw flesh tastes terrible.
Sigmund points at you and mumbles some strange words.
You block the puff of flame.
You closely miss Sigmund.
Sigmund is almost dead.
Sigmund gestures wildly while chanting.
Sigmund flickers and vanishes!
Deactivating autopickup; reactivate with Ctrl-A.
Something hits you.
You die...

######''#######################
≈≈≈≈≈....@≈≈≈≈≈≈≈≈≈≈≈≈≈≈≈≈≈≈≈≈≈
≈≈≈≈.....≈≈≈≈≈≈≈≈≈≈≈≈≈≈≈≈≈≈≈≈≈≈
≈≈≈≈≈.....≈≈≈≈≈≈≈≈≈≈≈≈≈≈≈≈≈≈≈≈≈
≈.≈≈≈....≈).≈.≈≈.≈≈.≈≈≈.≈≈≈..≈≈
.........).)...................
.........)(.(.(................
###############{.##.#####......
.........@..........>.....
.........................>
...#.###############.###.. . #
#.......# #.. #.####### #.. #.#
#.. #.# #.. #.#########..
#............


There were no monsters in sight!

Vanquished Creatures
  A big kobold (D:3)
  A howler monkey (D:2)
  Natasha (thrice) (D:2)
  5 gnolls
  3 adders
  A worm (D:3)
  A dart slug (D:1)
  2 leopard geckos
  3 bats (D:1)
  4 giant cockroaches
  23 goblins
  16 hobgoblins
  A quokka (D:2)
  2 frilled lizards
  11 kobolds
  8 rats
85 creatures vanquished.

Vanquished Creatures (others)
  3 big kobolds (D:3)
  An orc (D:3)
4 creatures vanquished.

Grand Total: 89 creatures vanquished

Notes
Turn   | Place    | Note
-------+----------+-------------------------------------------
     0 | D:1      | beigtais the Demonspawn Fighter began the quest for the Orb.
     0 | D:1      | Reached XP level 1. HP: 18/18 MP: 1/1
   205 | D:1      | Gained mutation: You have a pair of small antennae on your head. [demonic ancestry]
   205 | D:1      | Reached XP level 2. HP: 12/24 MP: 2/2
   217 | D:1      | Reached skill level 2 in Axes
   810 | D:1      | Gained mutation: You regenerate a little health from kills. [demonic ancestry]
   810 | D:1      | Reached XP level 3. HP: 28/29 MP: 3/3
  1307 | D:2      | Noticed Natasha
  1315 | D:2      | Killed Natasha
  1499 | D:2      | Noticed Natasha
  1525 | D:2      | Gained mutation: You regenerate health from kills. [demonic ancestry]
  1525 | D:2      | Reached XP level 4. HP: 30/35 MP: 4/4
  1729 | D:2      | Killed Natasha
  1764 | D:2      | Found a shimmering altar of Xom.
  1790 | D:2      | Became a worshipper of Xom of Chaos
  1811 | D:2      | Found a sparkling altar of Nemelex Xobeh.
  1832 | D:2      | Noticed Natasha
  1844 | D:2      | Killed Natasha
  1844 | D:2      | Reached skill level 3 in Axes
  1917 | D:2      | XOM: harmless Tmut miscast
  1921 | D:2      | Reached XP level 5. HP: 31/41 MP: 5/5
  2140 | D:2      | XOM: harmless Ice miscast
  2381 | D:3      | Found a blossoming altar of Fedhas.
  2479 | D:3      | XOM: mild Tmut miscast
  2611 | D:3      | XOM: draining
  2624 | D:3      | XOM: harmless Ice miscast
  2626 | D:3      | XOM: swap monsters
  2637 | D:3      | Gained mutation: You have sharp fingernails. [demonic ancestry]
  2637 | D:3      | Reached XP level 6. HP: 46/48 MP: 6/6
  2646 | D:3      | Reached skill level 4 in Axes
  2648 | D:3      | Reached skill level 1 in Dodging
  2648 | D:3      | XOM: divine lightning
  2659 | D:3      | Noticed Sigmund
  2694 | D:3      | HP: 2/48 [something/magic dart (6)]
  2730 | D:3      | HP: 1/48 [Sigmund/magic dart (6)]
  2742 | D:3      | Slain by Sigmund

Skill      XL: |  1  2  3  4  5  6 |
---------------+-------------------+-----
Axes           | 2 3 4 |  4.2
Armour         | 3 |  3.9
Shields        | 3 |  3.7
Dodging        | 1 |  1.0
Fighting       | |  3.9
Throwing       | |  0.1

Action                   |  1- 3 |  4- 6 || total
-------------------------+-------+-------++-------
Melee: War axe           |   125 |   228 ||   353
  Use: Potion            |     2 |     7 ||     9
       Scroll            |     2 |     7 ||     9
  Eat: Chunk             |     2 |     2 ||     4
       Ration            |       |     1 ||     1
Armor: Scale mail        |    71 |       ||    71
       Chain mail        |    45 |   161 ||   206
Dodge: Dodged            |    30 |    45 ||    75
Block: Shield            |    92 |   161 ||   253
